 Dungeon Crawl Stone Soup version 0.29.1-12-g30fa7ad0bf (webtiles) character file.

Game seed: 15051127280244262423

350 styxcanada the Covert (level 6, -3/32 HPs)
             Began as a Spriggan Brigand on Jan 6, 2023.
             Slain by a centaur
             ... wielding a +0 hand axe
              (11 damage)
             ... on level 4 of the Dungeon on Jan 8, 2023.
             The game lasted 00:18:03 (3579 turns).

styxcanada the Covert (Spriggan Brigand)            Turns: 3579, Time: 00:18:03

Health: -3/32      AC:  4    Str:  7    XL:     6   Next: 34%
Magic:  7/7        EV: 18    Int: 12    God:
Gold:   232        SH:  0    Dex: 19    Spells: 5/5 levels left

rFire   . . .      SeeInvis +   n - +1 dagger (drain)
rCold   . . .      Faith    .   (no shield)
rNeg    . . .      Spirit   .   b - +0 robe
rPois   .          Reflect  .   (helmet restricted)
rElec   .          Harm     .   c - +1 cloak
rCorr   .          Rampage  .   (gloves unavailable)
Will    +....                   (boots unavailable)
Stlth   ++++......              (no amulet)
HPRegen 0.10/turn               (no ring)
MPRegen 0.10/turn               (no ring)

@: studying Stealth, very quick
A: very small, no large weapons, unfitting armour, see invisible, speed 3
a: no special abilities


You were on level 4 of the Dungeon.
You visited 1 branch of the dungeon, and saw 4 of its levels.

You collected 232 gold pieces.

Inventory:

Hand Weapons
 a - a +2 dagger
 k - a +0 vampiric short sword
 n - a +1 dagger of draining (weapon)
Missiles
 d - 12 poisoned darts (quivered)
 e - 3 curare-tipped darts
 g - 2 boomerangs
 p - a throwing net
Armour
 b - a +0 robe (worn)
 c - a +1 cloak (worn)
Jewellery
 h - an amulet of guardian spirit
Scrolls
 i - 5 scrolls of teleportation
 j - a scroll of identify
 m - a scroll of immolation
 q - a scroll of magic mapping
Potions
 l - a potion of resistance
 o - a potion of mutation


   Skills:
 * Level 2.6 Fighting
 + Level 3.1 Short Blades
 + Level 3.0 Throwing
 * Level 3.0 Dodging
 * Level 9.1 Stealth


You had 5 spell levels left.
You didn't know any spells.
Your spell library was empty.

Dungeon Overview and Level Annotations

Branches:
Dungeon (4/15)
 Temple: D:4-7

Altars:
Cheibriados
Ru


Innate Abilities, Weirdness & Mutations

You are very small and have problems with some larger weapons.
You are too small for most types of armour.
You have supernaturally acute eyesight. (SInv)
You cover ground extremely quickly. (Speed+++)


Message History

Okay, then.
As you read the scroll of identify, it crumbles to dust.
o - a potion of mutation
q - a scroll of magic mapping You pick up a manual of Stealth and begin studying.
Found a hand axe.
You see here a staff of cold.
A kobold comes into view.
It is wielding a +2 short sword of holy wrath.
Found a stone staircase leading down.
The kobold shouts!
You closely miss the kobold.
The kobold hits you with a +2 short sword of holy wrath.
You closely miss the kobold.
The kobold hits you with a +2 short sword of holy wrath.
You hit the kobold but do no damage.
A centaur comes into view. It is wielding a +0 hand axe.
The kobold hits you with a +2 short sword of holy wrath.
The centaur shouts!
You hit the kobold.
You kill the kobold!
The centaur unwields a +0 hand axe.
The centaur wields a +0 shortbow.
The centaur shoots an arrow.
The arrow misses you.
The centaur shoots an arrow.
The arrow closely misses you.
Things that are here:
a +2 short sword of holy wrath; a kobold corpse The centaur shoots an arrow.
The arrow hits you!
The centaur shoots an arrow.
The arrow hits you!
* * * LOW HITPOINT WARNING * * *
Found a stone staircase leading down.
The centaur unwields a +0 shortbow.
The centaur wields a +0 hand axe.
The centaur misses you. The centaur kicks you.
* * * LOW HITPOINT WARNING * * *
You barely miss the centaur. The centaur completely misses you.
The centaur kicks you but does no damage.
You feel better.
The centaur hits you with a +0 hand axe.
* * * LOW HITPOINT WARNING * * *
The centaur completely misses you.
The centaur hits you with a +0 hand axe!
You die...

#.. ##.##...##. #..##
#..##.##|. .
#..######.......# ..
#....).......#.## #..
#............... #>.
##.............##
#..###.>.).........##
###.......##.........#
......c@#######......##
........# #...##..##
..##...## ##.####..#
###. #..# ##.# #. ....#
### ## ....## #####


You could see a centaur.

Vanquished Creatures
  Edmund (D:4)
  An iguana (D:4)
  6 adders
  6 gnolls
  A worm (D:2)
  2 orcs
  12 ball pythons
  10 endoplasms
  5 giant cockroaches
  5 goblins
  5 hobgoblins
  5 jackals
  9 kobolds
  7 quokkas
  7 bats
  6 frilled lizards
  11 rats
99 creatures vanquished.

Notes
Turn   | Place    | Note
-------+----------+-------------------------------------------
     0 | D:1      | styxcanada the Spriggan Brigand began the quest for the
                  | Orb.
     0 | D:1      | Reached XP level 1. HP: 10/10 MP: 2/2
    81 | D:1      | Reached skill level 6 in Stealth
   154 | D:1      | Reached XP level 2. HP: 15/15 MP: 3/3
   927 | D:1      | Reached XP level 3. HP: 10/18 MP: 4/4
  1206 | D:2      | Reached skill level 7 in Stealth
  1449 | D:2      | Reached XP level 4. HP: 21/23 MP: 5/5
  2508 | D:3      | Found a sacrificial altar of Ru.
  2726 | D:3      | Found a faded altar of an unknown god.
  2741 | D:3      | Reached skill level 8 in Stealth
  2768 | D:3      | Reached XP level 5. HP: 27/27 MP: 6/6
  3083 | D:4      | Found a snail-covered altar of Cheibriados.
  3086 | D:4      | Noticed Edmund
  3120 | D:4      | Killed Edmund
  3121 | D:4      | Reached XP level 6. HP: 26/32 MP: 7/7
  3404 | D:4      | Reached skill level 9 in Stealth
  3579 | D:4      | Slain by a centaur

Illustrated notes

Levels and vault maps discovered:
D:1:      dpeg_arrival_ratfight, layout_loops_corners, st_stairs_12,
          corexii_corridor_pit, minmay_misc_feat_diagonals, minivault_27,
          minmay_fountain_box
D:2:      layout_basic, grunt_ministairs_5, minmay_distorted
D:3:      layout_basic, nicolae_ru_the_path_less_chosen,
          ebering_ecumenical_altar_box
D:4:      layout_layer_cave, cheibriados_altar_1, minmay_manual_mares,
          uniq_edmund

Skill      XL: |  1  2  3  4  5  6 |
---------------+-------------------+-----
Stealth        | 6 7 8 9 |  9.1
Fighting       | 2 |  2.6
Dodging        | 2 3 |  3.0
Short Blades   | 3 |  3.1
Throwing       | 3 |  3.0

Action                   |  1- 3 |  4- 6 || total
-------------------------+-------+-------++-------
Melee: Dagger            |   109 |    94 ||   203
       Punch             |     2 |       ||     2
Throw: Dart              |    13 |    42 ||    55
       Boomerang         |       |     4 ||     4
  Use: Scroll            |     5 |     5 ||    10
       Potion            |       |     1 ||     1
 Stab: Sleeping          |    13 |    14 ||    27
Armor: Robe              |     6 |    10 ||    16
Dodge: Dodged            |    61 |    52 ||   113
